General information
- name: BNet
- type: Ladder team game (AT/RT)
- host: Battle.net
- saver: HeavenlyBlade
map: DragonFalls
- players: 8
- length: 59:37
- speed: Fast
- version: 1.27 W3XP
- replay type: Public
» download(303 KB)
Players
team 1 (loser)

»
Faithless (
red | 38 APM | 2274 actions | 59:37)
5 Death Knight
3 Death Coil
2 Unholy Aura
4 Lich
2 Frost Nova
2 Frost Armor
» actions
| Assign group hotkey | 26 | |
| Basic commands | 59 | |
| Build / train | 80 | |
| ESC pressed | 2 | |
| Enter build submenu | 45 | |
| Enter hero's abilities submenu | 9 | |
| Right click | 1186 | |
| Select / deselect | 395 | |
| Select group hotkey | 331 | |
| Use ability | 139 | |
2274 total
» units
| Acolyte | 19 | |
| Crypt Fiend | 10 | |
| Ghoul | 5 | |
| Frost Wyrm | 6 | |
40 total
» upgrades
| Creature Attack | 2 | |
| Web | 1 | |
| Creature Carapace | 1 | |
| Freezing Breath | 1 | |
5 total
» buildings
| Crypt | 1 | |
| Graveyard | 1 | |
| Ziggurat | 27 | |
| Altar of Darkness | 2 | |
| Tomb of Relics | 1 | |
| Nerubian Tower | 1 | |
| Halls of the Dead | 1 | |
| Spirit Tower | 9 | |
| Slaughterhouse | 1 | |
| Black Citadel | 2 | |
| Necropolis | 3 | |
| Sacrificial Pit | 1 | |
| Boneyard | 3 | |
53 total
» build order
00:08 Crypt
00:15 Graveyard
00:37 Ziggurat
00:56 Altar of Darkness
01:31 Ziggurat
02:18 Tomb of Relics
02:43 Nerubian Tower
04:27 Ziggurat
05:24 Halls of the Dead
05:31 Spirit Tower
06:19 Ziggurat
08:15 Spirit Tower
09:48 Spirit Tower
10:22 Slaughterhouse
10:59 Black Citadel
12:18 Ziggurat
12:44 Ziggurat
12:46 Ziggurat
12:47 Ziggurat
12:51 Ziggurat
12:53 Ziggurat
14:18 Spirit Tower
14:40 Spirit Tower
14:43 Spirit Tower
14:46 Ziggurat
14:47 Ziggurat
14:49 Ziggurat
14:50 Ziggurat
15:53 Spirit Tower
17:28 Spirit Tower
17:51 Black Citadel
17:58 Necropolis
21:15 Ziggurat
21:16 Ziggurat
21:18 Ziggurat
21:19 Ziggurat
21:19 Ziggurat
21:30 Ziggurat
21:31 Ziggurat
21:32 Ziggurat
21:33 Ziggurat
21:34 Ziggurat
21:35 Ziggurat
21:36 Ziggurat
22:42 Spirit Tower
24:10 Sacrificial Pit
25:33 Boneyard
25:34 Boneyard
25:37 Boneyard
48:16 Necropolis
48:30 Altar of Darkness
48:33 Ziggurat
51:31 Necropolis
» items
| Dust of Appearance | 2 | |
| Rod of Necromancy | 1 | |
| Potion of Healing | 2 | |
| Scroll of Town Portal | 2 | |
| Orb of Lightning | 1 | |
| Healing Salve | 1 | |
| Lesser Clarity Potion | 2 | |
11 total
IiFollowNLeech (
blue | 12 APM | 702 actions | 59:37)
3 Dark Ranger
1 Black Arrow
2 Life Drain
1 Naga Sea Witch
1 Frost Arrows
» actions
| Basic commands | 1 | |
| Build / train | 95 | |
| Enter build submenu | 51 | |
| Enter hero's abilities submenu | 4 | |
| Right click | 192 | |
| Select / deselect | 281 | |
| Use ability | 78 | |
702 total
» units
| Wisp | 56 | |
| Druid of the Talon | 10 | |
| Goblin Shredder | 1 | |
| Faerie Dragon | 7 | |
74 total
» upgrades
| Strength of the Wild | 3 | |
| Reinforced Hides | 3 | |
| Ultravision | 1 | |
| Druid of the Talon Training | 2 | |
| Nature's Blessing | 1 | |
| Well Spring | 1 | |
| Mark of the Talon | 1 | |
12 total
» buildings
| Moon Well | 8 | |
| Altar of Elders | 1 | |
| Ancient of Wonders | 1 | |
| Hunter's Hall | 1 | |
| Tree of Ages | 1 | |
| Ancient Protector | 35 | |
| Tree of Eternity | 1 | |
| Ancient of Wind | 2 | |
| Tree of Life | 1 | |
51 total
» build order
00:31 Moon Well
00:51 Altar of Elders
01:20 Ancient of Wonders
01:30 Moon Well
02:15 Moon Well
02:40 Hunter's Hall
03:13 Moon Well
03:20 Moon Well
04:06 Tree of Ages
05:38 Ancient Protector
05:41 Ancient Protector
05:45 Ancient Protector
05:49 Ancient Protector
05:52 Ancient Protector
07:25 Tree of Eternity
07:29 Ancient of Wind
07:34 Ancient of Wind
08:24 Moon Well
08:27 Moon Well
08:36 Moon Well
13:13 Tree of Life
13:34 Ancient Protector
14:14 Ancient Protector
16:58 Ancient Protector
17:03 Ancient Protector
17:05 Ancient Protector
17:08 Ancient Protector
17:14 Ancient Protector
17:16 Ancient Protector
17:33 Ancient Protector
17:39 Ancient Protector
17:45 Ancient Protector
17:55 Ancient Protector
18:06 Ancient Protector
22:45 Ancient Protector
22:47 Ancient Protector
22:51 Ancient Protector
22:55 Ancient Protector
22:58 Ancient Protector
23:04 Ancient Protector
23:08 Ancient Protector
23:25 Ancient Protector
23:38 Ancient Protector
23:46 Ancient Protector
23:52 Ancient Protector
23:57 Ancient Protector
24:03 Ancient Protector
24:12 Ancient Protector
24:16 Ancient Protector
24:25 Ancient Protector
24:28 Ancient Protector
» items
HeavenlyBlade (
orange | 45 APM | 2694 actions | 59:37)
9 Blademaster
3 Wind Walk
3 Critical Strike
1 Bladestorm
2 Mirror Image
» actions
| Assign group hotkey | 33 | |
| Basic commands | 110 | |
| Build / train | 93 | |
| Enter build submenu | 68 | |
| Enter hero's abilities submenu | 10 | |
| Give item / drop item | 18 | |
| Right click | 1165 | |
| Select / deselect | 500 | |
| Select group hotkey | 477 | |
| Use ability | 220 | |
2694 total
» units
| Peon | 14 | |
| Grunt | 6 | |
| Goblin Shredder | 1 | |
| Goblin Zeppelin | 6 | |
| Troll Batrider | 3 | |
| Green Dragon | 4 | |
| Goblin Sapper | 10 | |
44 total
» upgrades
| Troll Regeneration | 1 | |
| Ranged Weapons | 3 | |
| Armor | 3 | |
| Liquid Fire | 1 | |
| Reinforced Defenses | 1 | |
| Envenomed Spears | 1 | |
| Ensnare | 1 | |
| Pillage | 1 | |
| Melee Weapons | 3 | |
| Spiked Barricades | 3 | |
18 total
» buildings
| Orc Burrow | 4 | |
| Altar of Storms | 2 | |
| Barracks | 1 | |
| War Mill | 2 | |
| Stronghold | 1 | |
| Watch Tower | 60 | |
| Great Hall | 5 | |
| Voodoo Lounge | 4 | |
| Fortress | 1 | |
| Beastiary | 4 | |
84 total
» build order
00:16 Orc Burrow
00:52 Altar of Storms
00:55 Barracks
01:06 Orc Burrow
01:09 Altar of Storms
02:32 War Mill
03:19 Stronghold
04:13 Watch Tower
04:46 Great Hall
04:50 Voodoo Lounge
05:03 Watch Tower
05:08 Watch Tower
05:08 Watch Tower
06:06 Watch Tower
06:12 Watch Tower
06:13 Watch Tower
06:48 Orc Burrow
07:58 Watch Tower
07:59 Watch Tower
09:15 Fortress
10:31 Watch Tower
10:31 Watch Tower
10:32 Watch Tower
10:32 Watch Tower
10:36 Watch Tower
10:50 Watch Tower
10:52 Watch Tower
12:02 Beastiary
12:03 Beastiary
12:08 Beastiary
12:12 Beastiary
12:27 Watch Tower
12:52 Watch Tower
14:50 War Mill
17:13 Orc Burrow
21:54 Watch Tower
21:55 Watch Tower
21:55 Watch Tower
22:53 Great Hall
23:05 Watch Tower
23:05 Watch Tower
23:05 Watch Tower
23:06 Watch Tower
23:07 Watch Tower
23:07 Watch Tower
23:07 Watch Tower
23:08 Watch Tower
23:09 Watch Tower
23:10 Watch Tower
23:10 Watch Tower
23:12 Watch Tower
23:22 Voodoo Lounge
31:31 Watch Tower
31:32 Watch Tower
31:32 Watch Tower
31:33 Watch Tower
31:34 Watch Tower
31:35 Watch Tower
31:35 Watch Tower
31:35 Watch Tower
31:36 Watch Tower
31:36 Watch Tower
32:36 Great Hall
33:48 Great Hall
34:28 Watch Tower
34:28 Watch Tower
34:29 Watch Tower
34:29 Watch Tower
34:30 Watch Tower
34:30 Watch Tower
34:30 Watch Tower
34:31 Watch Tower
34:32 Watch Tower
34:33 Watch Tower
34:33 Watch Tower
34:33 Watch Tower
34:39 Voodoo Lounge
37:54 Great Hall
40:39 Watch Tower
40:40 Watch Tower
40:40 Watch Tower
40:41 Watch Tower
40:43 Voodoo Lounge
» items
| Healing Salve | 8 | |
| Orb of Lightning | 1 | |
| Lesser Clarity Potion | 2 | |
| Boots of Speed | 1 | |
| Potion of Healing | 3 | |
| Potion of Mana | 1 | |
| Staff of Teleportation | 1 | |
| Periapt of Vitality | 2 | |
19 total

»
D0naldTrumpSux (
green | 46 APM | 1305 actions | 28:20)
4 Blademaster
2 Critical Strike
2 Wind Walk
» actions
| Basic commands | 2 | |
| Build / train | 80 | |
| Enter build submenu | 49 | |
| Enter hero's abilities submenu | 4 | |
| Give item / drop item | 2 | |
| Right click | 744 | |
| Select / deselect | 288 | |
| Use ability | 136 | |
1305 total
» units
| Peon | 24 | |
| Troll Batrider | 4 | |
| Tauren | 3 | |
| Shaman | 5 | |
| Demolisher | 4 | |
40 total
» upgrades
| Spiked Barricades | 2 | |
| Armor | 1 | |
| Ranged Weapons | 1 | |
| Shaman Training | 2 | |
| Witch Doctor Training | 2 | |
| Reinforced Defenses | 1 | |
9 total
» buildings
| Orc Burrow | 14 | |
| Altar of Storms | 1 | |
| War Mill | 2 | |
| Voodoo Lounge | 2 | |
| Watch Tower | 16 | |
| Stronghold | 3 | |
| Fortress | 1 | |
| Beastiary | 1 | |
| Great Hall | 2 | |
| Tauren Totem | 1 | |
| Spirit Lodge | 4 | |
| Barracks | 3 | |
50 total
» build order
00:57 Orc Burrow
00:59 Altar of Storms
01:49 Orc Burrow
01:52 Orc Burrow
02:11 War Mill
02:46 Voodoo Lounge
02:54 Orc Burrow
04:08 Watch Tower
04:11 Watch Tower
04:14 Watch Tower
04:19 Orc Burrow
04:50 Stronghold
04:51 Stronghold
04:51 Stronghold
07:28 Fortress
08:10 Beastiary
08:40 Great Hall
08:44 Watch Tower
08:46 Watch Tower
08:48 Watch Tower
08:58 Watch Tower
09:07 Watch Tower
09:50 Tauren Totem
09:54 Spirit Lodge
09:57 Spirit Lodge
12:20 Watch Tower
12:35 Watch Tower
12:51 Watch Tower
13:25 Voodoo Lounge
14:22 Watch Tower
15:03 Watch Tower
16:27 Watch Tower
16:31 Watch Tower
18:07 Spirit Lodge
18:10 Spirit Lodge
18:41 War Mill
18:46 Watch Tower
18:57 Barracks
19:01 Barracks
19:07 Barracks
21:17 Orc Burrow
21:23 Orc Burrow
21:25 Orc Burrow
23:02 Orc Burrow
23:03 Orc Burrow
23:06 Orc Burrow
23:08 Orc Burrow
23:11 Orc Burrow
23:14 Orc Burrow
25:16 Great Hall
» items
| Healing Salve | 3 | |
| Lesser Clarity Potion | 1 | |
| Scroll of Speed | 1 | |
| Potion of Healing | 7 | |
| Scroll of Town Portal | 2 | |
| Potion of Mana | 2 | |
| Boots of Speed | 1 | |
| Staff of Teleportation | 1 | |
| Potion of Lesser Invulnerability | 1 | |
| Orb of Lightning | 3 | |
22 total
team 2 (winner)
TUREN_WARCHEF13 (
teal | 52 APM | 3112 actions | 59:37)
3 Blademaster
2 Wind Walk
1 Critical Strike
1 Paladin
1 Holy Light
» actions
| Assign group hotkey | 16 | |
| Basic commands | 106 | |
| Build / train | 50 | |
| Enter build submenu | 10 | |
| Enter hero's abilities submenu | 5 | |
| Give item / drop item | 8 | |
| Remove unit from queue | 7 | |
| Right click | 1743 | |
| Select / deselect | 401 | |
| Select group hotkey | 666 | |
| Use ability | 99 | |
3112 total
» units
| Peon | 8 | |
| Troll Batrider | 12 | |
| Rifleman | 1 | |
21 total
» upgrades
| Ranged Weapons | 3 | |
| Armor | 1 | |
| Liquid Fire | 1 | |
5 total
» buildings
| Altar of Storms | 1 | |
| Orc Burrow | 4 | |
| Voodoo Lounge | 1 | |
| War Mill | 1 | |
| Stronghold | 1 | |
| Fortress | 1 | |
| Beastiary | 2 | |
| Barracks | 1 | |
12 total
» build order
00:05 Altar of Storms
00:17 Orc Burrow
01:01 Voodoo Lounge
01:29 War Mill
02:37 Stronghold
03:22 Orc Burrow
05:24 Fortress
05:30 Beastiary
05:31 Beastiary
06:21 Orc Burrow
06:42 Barracks
14:45 Orc Burrow
» items
| Healing Salve | 2 | |
| Lesser Clarity Potion | 6 | |
| Circlet of Nobility | 1 | |
| Boots of Speed | 2 | |
| Staff of Teleportation | 2 | |
| Potion of Healing | 2 | |
| Orb of Lightning | 1 | |
16 total
Niles_Standishh (
yellow | 25 APM | 1340 actions | 53:24)
4 Paladin
2 Divine Shield
1 Holy Light
1 Resurrection
2 Mountain King
1 Storm Bolt
1 Bash
4 Archmage
3 Summon Water Elemental
1 Brilliance Aura
» actions
| Basic commands | 105 | |
| Build / train | 99 | |
| ESC pressed | 4 | |
| Enter build submenu | 38 | |
| Enter hero's abilities submenu | 11 | |
| Right click | 323 | |
| Select / deselect | 658 | |
| Use ability | 102 | |
1340 total
» units
| Peasant | 30 | |
| Footman | 4 | |
| Knight | 9 | |
| Goblin Shredder | 1 | |
| Mortar Team | 4 | |
| Priest | 8 | |
| Siege Engine | 4 | |
| Rifleman | 2 | |
62 total
» upgrades
| Swords | 2 | |
| Lumber Harvesting | 3 | |
| Plating | 2 | |
| Animal War Training | 1 | |
| Gunpowder | 4 | |
| Priest Training | 2 | |
| Barrage | 1 | |
15 total
» buildings
| Altar of Kings | 1 | |
| Farm | 18 | |
| Guard Tower | 3 | |
| Barracks | 2 | |
| Lumber Mill | 1 | |
| Castle | 2 | |
| Town Hall | 4 | |
| Keep | 1 | |
| Blacksmith | 1 | |
| Scout Tower | 4 | |
| Arcane Sanctum | 2 | |
| Workshop | 3 | |
42 total
» build order
05:40 Altar of Kings
05:52 Farm
06:42 Guard Tower
07:15 Farm
07:18 Barracks
07:23 Lumber Mill
07:26 Castle
07:53 Farm
09:39 Town Hall
09:59 Farm
10:38 Farm
10:39 Keep
10:42 Blacksmith
11:26 Farm
11:37 Farm
11:57 Farm
12:40 Barracks
12:48 Scout Tower
12:54 Farm
12:56 Arcane Sanctum
13:27 Guard Tower
13:28 Scout Tower
13:30 Scout Tower
13:32 Scout Tower
13:42 Castle
13:52 Workshop
13:56 Workshop
13:57 Farm
14:23 Farm
14:33 Arcane Sanctum
14:53 Workshop
15:10 Farm
15:11 Farm
16:00 Farm
16:06 Farm
16:07 Farm
17:29 Farm
17:51 Farm
19:35 Guard Tower
20:30 Town Hall
22:31 Town Hall
27:17 Town Hall
SatanIsWatching (
pink | 92 APM | 5469 actions | 59:37)
9 Death Knight
3 Death Coil
3 Unholy Aura
1 Animate Dead
2 Death Pact
8 Crypt Lord
3 Carrion Beetles
3 Impale
1 Locust Swarm
1 Spiked Carapace
1 Archmage
1 Brilliance Aura
» actions
| Assign group hotkey | 75 | |
| Basic commands | 204 | |
| Build / train | 180 | |
| ESC pressed | 1 | |
| Enter build submenu | 38 | |
| Enter hero's abilities submenu | 19 | |
| Give item / drop item | 19 | |
| Remove unit from queue | 1 | |
| Right click | 2173 | |
| Select / deselect | 838 | |
| Select group hotkey | 1372 | |
| Use ability | 549 | |
5469 total
» units
| Acolyte | 10 | |
| Ghoul | 2 | |
| Crypt Fiend | 14 | |
| Obsidian Statue | 7 | |
| Goblin Shredder | 4 | |
| Goblin Zeppelin | 12 | |
| Meatwagon | 5 | |
| Abomination | 3 | |
| Necromancer | 3 | |
60 total
» upgrades
| Creature Attack | 3 | |
| Creature Carapace | 3 | |
| Burrow | 1 | |
| Web | 1 | |
| Disease Cloud | 1 | |
| Exhume Corpses | 1 | |
| Unholy Armor | 3 | |
| Unholy Strength | 3 | |
| Necromancer Training | 3 | |
| Skeletal Longevity | 1 | |
| Destroyer Form | 1 | |
| Skeletal Mastery | 1 | |
| Banshee Training | 2 | |
| Freezing Breath | 1 | |
| Ghoul Frenzy | 1 | |
26 total
» buildings
| Graveyard | 1 | |
| Crypt | 2 | |
| Altar of Darkness | 1 | |
| Ziggurat | 18 | |
| Tomb of Relics | 1 | |
| Halls of the Dead | 2 | |
| Necropolis | 3 | |
| Nerubian Tower | 8 | |
| Black Citadel | 5 | |
| Sacrificial Pit | 1 | |
| Slaughterhouse | 2 | |
| Spirit Tower | 27 | |
| Boneyard | 1 | |
| Temple of the Damned | 2 | |
74 total
» build order
00:07 Graveyard
00:09 Crypt
00:30 Altar of Darkness
00:48 Ziggurat
01:25 Tomb of Relics
01:52 Ziggurat
04:21 Halls of the Dead
04:22 Halls of the Dead
04:29 Necropolis
05:07 Ziggurat
05:14 Nerubian Tower
05:43 Ziggurat
06:02 Nerubian Tower
06:02 Nerubian Tower
06:02 Nerubian Tower
07:58 Black Citadel
07:58 Black Citadel
07:59 Black Citadel
07:59 Black Citadel
10:17 Sacrificial Pit
10:22 Slaughterhouse
14:38 Spirit Tower
14:38 Spirit Tower
14:39 Spirit Tower
14:40 Ziggurat
14:42 Ziggurat
18:18 Spirit Tower
18:21 Spirit Tower
18:21 Spirit Tower
18:21 Spirit Tower
18:24 Spirit Tower
18:24 Spirit Tower
18:24 Spirit Tower
19:17 Slaughterhouse
19:19 Boneyard
19:22 Temple of the Damned
19:24 Temple of the Damned
19:29 Crypt
22:37 Ziggurat
22:39 Ziggurat
33:17 Ziggurat
33:18 Ziggurat
33:37 Nerubian Tower
33:38 Spirit Tower
33:38 Spirit Tower
35:24 Necropolis
35:28 Ziggurat
35:29 Ziggurat
35:30 Ziggurat
35:31 Ziggurat
37:48 Necropolis
38:05 Nerubian Tower
38:05 Spirit Tower
38:05 Spirit Tower
38:06 Spirit Tower
38:06 Spirit Tower
38:07 Spirit Tower
40:36 Ziggurat
40:37 Ziggurat
40:37 Ziggurat
40:38 Ziggurat
42:06 Nerubian Tower
42:06 Spirit Tower
42:06 Spirit Tower
42:07 Spirit Tower
42:07 Spirit Tower
» items
| Rod of Necromancy | 3 | |
| Sacrificial Skull | 3 | |
| Boots of Speed | 1 | |
| Scroll of Protection | 2 | |
| Scroll of Town Portal | 3 | |
| Orb of Corruption | 1 | |
13 total
HoleInTwo (
purple | 31 APM | 181 actions | 05:47)
1 Paladin
1 Holy Light
» actions
| Assign group hotkey | 3 | |
| Build / train | 22 | |
| Enter build submenu | 14 | |
| Enter hero's abilities submenu | 1 | |
| Remove unit from queue | 1 | |
| Right click | 48 | |
| Select / deselect | 58 | |
| Select group hotkey | 14 | |
| Use ability | 20 | |
181 total
» units
» buildings
| Barracks | 1 | |
| Farm | 6 | |
| Altar of Kings | 1 | |
| Blacksmith | 1 | |
| Lumber Mill | 1 | |
| Keep | 1 | |
| Town Hall | 1 | |
| Scout Tower | 8 | |
20 total
» build order
00:45 Barracks
00:55 Farm
01:08 Altar of Kings
01:19 Farm
01:25 Farm
02:24 Farm
02:31 Farm
03:05 Blacksmith
03:13 Farm
04:31 Lumber Mill
04:35 Keep
04:50 Town Hall
05:05 Scout Tower
05:06 Scout Tower
05:07 Scout Tower
05:16 Scout Tower
05:17 Scout Tower
05:18 Scout Tower
05:26 Scout Tower
05:27 Scout Tower
Chat log
(00:18 / Allies) D0naldTrumpSux: red i feed
(00:19 / Allies) D0naldTrumpSux: fast wyrms?
(00:22 / All) D0naldTrumpSux: THEY WILLNOT DIVIDE US
(00:32 / All) HeavenlyBlade: THEY WILL NOT DIVIDE US REEE
(00:32 / Allies) D0naldTrumpSux: red feed?
(00:35 / All) D0naldTrumpSux: REEEE
(00:36 / All) HeavenlyBlade: THEY WILL NOT DIVIDE US REEEE
(00:40 / Allies) Faithless: nah
(00:41 / All) D0naldTrumpSux: saw that goon
(00:47 / All) D0naldTrumpSux: and that guy snap
(00:48 / All) D0naldTrumpSux: lmao
(01:09 / All) D0naldTrumpSux: is it a reference to something
(01:32 / All) HeavenlyBlade: Shia Lebouf arrested
(01:43 / All) D0naldTrumpSux: nah hes out now
(01:43 / All) HeavenlyBlade: Kid is a retard and a plagiarist
(01:47 / All) HoleInTwo: Did you see the actual assault video, guy was a fag
(01:54 / All) D0naldTrumpSux: that guy
(01:58 / All) D0naldTrumpSux: doing the pepe shit
(01:59 / All) D0naldTrumpSux: ?
(02:03 / All) D0naldTrumpSux: and hes kinda tall
(02:14 / All) HeavenlyBlade: different one
(02:16 / All) HeavenlyBlade: got arrested for assault
(02:20 / All) HeavenlyBlade: was 3 dif incidents
(02:24 / All) D0naldTrumpSux: i rate shia tho
(02:25 / All) HeavenlyBlade: REEEEE, screaming in the guys ear, and assault
(02:26 / All) D0naldTrumpSux: which celeb
(02:34 / All) D0naldTrumpSux: whose worth 25 mill
(02:37 / All) D0naldTrumpSux: would go and do that
(02:39 / All) D0naldTrumpSux: in publci
(02:52 / All) HeavenlyBlade: mentally broken by hollywood
(03:50 / Allies) D0naldTrumpSux: blue expo here
(03:54 / Allies) D0naldTrumpSux: and ill tower like crazy
(04:29 / Allies) D0naldTrumpSux: we gotta hit that
(04:53 / Allies) HeavenlyBlade: forgot to make shop
(04:54 / Allies) HeavenlyBlade: lalw
(04:58 / Allies) HeavenlyBlade: great
(05:15 / Allies) D0naldTrumpSux: guys
(05:16 / Allies) D0naldTrumpSux: come
(05:16 / Allies) D0naldTrumpSux: quick
(05:44 / All) HoleInTwo: 3v4, enjoy
(05:52 / All) SatanIsWatching: wtf
(05:53 / All) D0naldTrumpSux: LOL
(05:54 / All) D0naldTrumpSux: GG
(05:55 / All) D0naldTrumpSux: CUCKS
(06:49 / Allies) D0naldTrumpSux: tower
(06:50 / Allies) D0naldTrumpSux: bro
(07:44 / Allies) D0naldTrumpSux: blue expo
(07:45 / Allies) D0naldTrumpSux: qucik
(08:27 / Allies) D0naldTrumpSux: blue come with me
(08:28 / Allies) D0naldTrumpSux: dude
(09:01 / Allies) D0naldTrumpSux: gold plz
(11:16 / Allies) Faithless: cant repair
(11:19 / Allies) D0naldTrumpSux: tppp
(11:20 / Allies) HeavenlyBlade: you got web?
(11:39 / Allies) HeavenlyBlade: you got web?
(11:55 / Allies) D0naldTrumpSux: red tower up
(12:04 / Allies) D0naldTrumpSux: send wood plz
(13:05 / Allies) HeavenlyBlade: bats south
(13:07 / Allies) HeavenlyBlade: bats south
(13:09 / Allies) HeavenlyBlade: bats sout
(13:14 / Allies) D0naldTrumpSux: kkkk
(13:31 / Allies) HeavenlyBlade: blue get towers around your main and expo
(13:42 / Allies) HeavenlyBlade: too late
(13:51 / Allies) HeavenlyBlade: why are you still air lmao
(14:18 / Allies) D0naldTrumpSux: send wood
(14:19 / Allies) D0naldTrumpSux: ill tower 4 u
(14:30 / Allies) D0naldTrumpSux: hello
(14:31 / Allies) D0naldTrumpSux: blue
(14:42 / All) HeavenlyBlade: you just got shitted on
(15:36 / Allies) D0naldTrumpSux: wheres the tp u faggots
(16:42 / All) HeavenlyBlade: you just got shitted on
(16:53 / All) HeavenlyBlade: My blademaster > yours
(16:57 / All) HeavenlyBlade: My bats > yours
(18:18 / All) D0naldTrumpSux: GG
(18:19 / All) D0naldTrumpSux: Gl next gaem
(18:49 / Allies) HeavenlyBlade: tanks incoming
(19:10 / Allies) D0naldTrumpSux: imma need wood
(19:11 / Allies) D0naldTrumpSux: man
(19:12 / Allies) D0naldTrumpSux: for
(19:15 / Allies) D0naldTrumpSux: catiplts
(23:15 / Allies) HeavenlyBlade: wood
(24:01 / Allies) D0naldTrumpSux: tp u cuck
(24:03 / Allies) D0naldTrumpSux: orange u faggot
(24:03 / Allies) D0naldTrumpSux: tp
(24:08 / Allies) HeavenlyBlade: wood
(24:53 / Allies) D0naldTrumpSux: niggers
(24:55 / Allies) D0naldTrumpSux: thats what u guys are
(24:56 / Allies) D0naldTrumpSux: niggers
(25:04 / Allies) D0naldTrumpSux: send me wood
(25:05 / Allies) D0naldTrumpSux: quick u noobs
(25:11 / Allies) D0naldTrumpSux: send me some fucking WOOD
(25:13 / All) SatanIsWatching: You're a great player green
(25:22 / All) D0naldTrumpSux: no one tped
(25:27 / All) SatanIsWatching: it's just me lol
(25:28 / Allies) D0naldTrumpSux: send me gold and wood
(25:29 / Allies) D0naldTrumpSux: quick
(25:34 / All) D0naldTrumpSux: no literally no one tped
(25:36 / All) SatanIsWatching: baby needs his allies to look after him?
(25:37 / All) SatanIsWatching: wahhhhh
(25:41 / All) Niles_Standishh: 1 v 1
(25:41 / All) SatanIsWatching: can't handle yourself
(25:44 / All) D0naldTrumpSux: no shit i was
(25:51 / All) D0naldTrumpSux: feeding pl
(25:53 / All) D0naldTrumpSux: clown
(25:54 / Allies) HeavenlyBlade: I took out 3 without a sweat
(25:56 / All) SatanIsWatching: lol
(26:00 / All) D0naldTrumpSux: ur 0% pink
(26:04 / All) D0naldTrumpSux: keep quiet noob
(26:05 / All) SatanIsWatching: I'm 0-0
(26:11 / All) D0naldTrumpSux: stat urself clown
(26:25 / All) SatanIsWatching: I left that game
(26:28 / All) D0naldTrumpSux: sure
(26:29 / All) D0naldTrumpSux: kid
(26:42 / All) SatanIsWatching: and you're 2-3 LMAO
(26:42 / Allies) D0naldTrumpSux: orange
(26:44 / All) SatanIsWatching: who's talking
(26:44 / Allies) D0naldTrumpSux: u fucked it up
(26:46 / All) D0naldTrumpSux: ur 0%
(26:48 / All) D0naldTrumpSux: do u know math
(26:50 / All) D0naldTrumpSux: did you fail math
(26:52 / All) D0naldTrumpSux: retard
(26:55 / All) D0naldTrumpSux: jeez
(26:57 / All) D0naldTrumpSux: millenials
(27:02 / All) SatanIsWatching: 0% with 1 game on my acc that I left, retard
(27:07 / All) D0naldTrumpSux: its still 0% lmao
(27:08 / All) D0naldTrumpSux: omg
(27:10 / All) D0naldTrumpSux: this kid is so dumb
(27:12 / All) D0naldTrumpSux: ahhahaha
(27:15 / All) SatanIsWatching: you're autistic
(27:19 / All) D0naldTrumpSux: your parents
(27:22 / All) D0naldTrumpSux: must be so embarassed
(27:31 / All) D0naldTrumpSux: to have a dumb child like you
(27:51 / All) HeavenlyBlade: Green why are you raging so much dude
(27:54 / All) HeavenlyBlade: Just a game
(28:18 / All) D0naldTrumpSux: im out i have noob allies enjoy your free win, maybe now you can increase your pathetic stats kid
(28:36 / All) Niles_Standishh: HAHAHA
(29:34 / Allies) Faithless: lol orange
(30:20 / Allies) Faithless: i thought you wanted to play a tower game why you gotta kill my mines
(30:43 / Allies) HeavenlyBlade: Don't know what you're talking about
(30:49 / Allies) Faithless: lol
(30:54 / Allies) Faithless: you killed them with sappers
(31:20 / Allies) HeavenlyBlade: Have you taken acid recently
(31:27 / Allies) Faithless: :^)
(32:43 / All) HeavenlyBlade: lil bitch
(32:48 / All) Niles_Standishh: HAHA
(35:26 / Allies) Faithless: yo blue
(35:34 / Allies) Faithless: build stuff dawg
(41:54 / Allies) HeavenlyBlade: come
(42:20 / Allies) Faithless: lol
(42:31 / Allies) HeavenlyBlade: Whoops
(42:34 / Allies) HeavenlyBlade: Misclicked, honest
(42:46 / All) SatanIsWatching: lol
(44:16 / All) HeavenlyBlade: two cloaks of shadow lol
(44:22 / All) SatanIsWatching: good items
(44:38 / All) HeavenlyBlade: YAS QUEEN!!!1
(44:59 / All) SatanIsWatching: man I love crypt lord and undead summons
(45:04 / All) SatanIsWatching: no one ever counters them in 4v4
(45:51 / All) HeavenlyBlade: Ever seen jurassic park with the raptors?
(46:00 / All) HeavenlyBlade: well there's just one raptor here, but there might as well be a hundred of them
(46:02 / All) Faithless: the team the raptors
(46:03 / All) HeavenlyBlade: you just got shitted on
(46:09 / All) Faithless: or the movie with the raptors
(46:26 / All) HeavenlyBlade: Teal got straight up raped
(46:29 / All) HeavenlyBlade: What did he say about it
(46:49 / All) SatanIsWatching: I don't think too much actually
(46:53 / All) SatanIsWatching: a little, will have to look after
(48:09 / All) HeavenlyBlade: 22k and 4 dragons
(48:11 / All) HeavenlyBlade: Nice haul
(48:30 / All) HeavenlyBlade: dragons suck at eating moving targets
(48:46 / All) SatanIsWatching: the devour is really annoying to use, sounds a lot more useful than it tends to be
(49:03 / All) HeavenlyBlade: it's basically useless unless they're stationary
(49:12 / All) SatanIsWatching: yeah
(49:14 / All) HeavenlyBlade: because it just moves towards them and stops
(49:18 / All) SatanIsWatching: blue wisp at top right lab
(49:41 / All) Faithless: hello
(49:46 / All) SatanIsWatching: oh red being a fag trying to rebuild
(49:52 / All) Faithless: sure am
(49:58 / All) Faithless: who isnt a fag in 2017
(50:00 / All) SatanIsWatching: don't worry we'll fix it
(50:10 / All) HeavenlyBlade: I've sent the dragonkin
(50:36 / All) HeavenlyBlade: those beetles are pretty tough
(50:41 / All) SatanIsWatching: does spiked carapace work on bm crits
(50:45 / All) HeavenlyBlade: dunno
(51:02 / All) SatanIsWatching: level 3 carrion beetles are like unupgraded grunts almost
(51:10 / All) SatanIsWatching: 410 HP, 22-27 damage 2 heavy armour
(51:48 / All) SatanIsWatching: Listen up everyone
(51:57 / All) SatanIsWatching: Me and orange were in this together, we're going to kill everything including our own units
(52:04 / All) SatanIsWatching: and we'll leave no way for you to finish the other team
(52:14 / All) SatanIsWatching: then we'll leave the game, you can leave your PCs on all night for the win, everyone will be 0 food
(52:17 / All) SatanIsWatching: sound fair?
(52:26 / All) Faithless: i never turn my pc off
(52:29 / All) Faithless: i already won
(52:35 / All) SatanIsWatching: good sport
(53:00 / All) Faithless: why dont you stay
(53:02 / All) Faithless: :^)
(53:08 / All) SatanIsWatching: I don't want the win, we leave you noobs to it
(53:18 / All) Niles_Standishh: haha fag jokes on you
(53:22 / All) Faithless: you wouldnt win my friend
(53:23 / All) Niles_Standishh: dont give a shiiiiiiit
(53:50 / All) HeavenlyBlade: teal is still here
(53:56 / All) Faithless: i have the longest highperch on record of 76 hrs this is my favorite kind of game
(53:58 / All) SatanIsWatching: he's 7-1, he'll definitely stay
(55:02 / All) HeavenlyBlade: I hate to sacrifice dragonkin
(55:20 / All) HeavenlyBlade: But the standoff gods demand offering
(55:28 / Allies) Faithless: share some gold and wood orange :(
(55:31 / Allies) Faithless: pls im so poor
(55:40 / Allies) Faithless: didnt i share with you
(56:23 / Allies) HeavenlyBlade: I would but maybe you got something squirred away, can't check your food
(56:43 / Allies) Faithless: do you see anything revealed on the map
(56:47 / Allies) Faithless: turn off terrain
(56:49 / Allies) Faithless: got nothing
(58:58 / Allies) Faithless: lol
(59:04 / Allies) HeavenlyBlade: Enjoy friend
(59:12 / Allies) Faithless: you scrolled all the way down from that?
(59:15 / All) HeavenlyBlade: Good luck to thee
(59:34 / Allies) HeavenlyBlade: Aye couldn't leave you without a bit of coin, get yourself a hot meal. Toodle loo